 Dungeon Crawl Stone Soup version 0.21-a0-122-g43b3ea6 (webtiles) character file.

2215 grindst0ne the Covert (level 9, 0/42 HPs)
             Began as a Spriggan Enchanter on July 13, 2017.
             Slain by a five-headed hydra (8 damage)
             ... on level 6 of the Dungeon.
             The game lasted 00:26:19 (8248 turns).

grindst0ne the Covert (Spriggan Enchanter)          Turns: 8248, Time: 00:26:19

Health: 0/42       AC:  6    Str:  4    XL:     9   Next: 13%
Magic:  0/14       EV: 25    Int: 17    God:
Gold:   343        SH:  0    Dex: 19    Spells: 5/13 levels left

rFire    . . .     SeeInvis +   i - +0 rapier
rCold    . . .     Gourm    .   (shield restricted)
rNeg     . . .     Faith    .   b - +0 robe
rPois    .         Spirit   +   (helmet restricted)
rElec    .         Reflect  .   (no cloak)
rCorr    .         Harm     .   (gloves unavailable)
MR       +....                  (boots unavailable)
Stlth    ++++++....             s - amulet of guardian spirit
HPRegen  0.14/turn              e - ring of stealth
MPRegen  0.14/turn              C - +4 ring of protection

@: very quick
A: unfitting armour, see invisible, herbivore 3, speed 3, slow metabolism 2
a: no special abilities


You were on level 6 of the Dungeon.
You were not hungry.

You visited 1 branch of the dungeon, and saw 6 of its levels.
You also visited: Sewer.

You collected 343 gold pieces.

Inventory:

Hand Weapons
 a - a +1 dagger
 i - a +0 rapier (weapon)
Armour
 b - a +0 robe (worn)
Jewellery
 e - a ring of stealth (left hand)
 s - an amulet of guardian spirit (around neck)
 C - a +4 ring of protection (right hand)
 D - a cursed ring of teleportation {unknown}
 E - an uncursed ring of see invisible {unknown}
Wands
 q - a wand of random effects (23/48)
Scrolls
 m - 3 scrolls of teleportation
 o - a scroll of magic mapping
 p - 2 scrolls of amnesia {unknown}
 r - 2 scrolls of enchant weapon {unknown}
 v - a scroll of fear {unknown}
 x - 2 scrolls of remove curse
 B - a scroll of random uselessness {unknown}
Potions
 g - 8 potions of curing
 h - 2 potions of heal wounds
 j - 2 potions of agility
 l - a potion of lignification {unknown}
 n - 3 potions of haste {unknown}
 t - a potion of cancellation {unknown}
 u - a potion of brilliance {unknown}
 w - 4 potions of flight {unknown}
 z - 2 potions of magic {unknown}
 A - a potion of might
Books
 c - a book of Maledictions

   Spells                             Type                      Level
   a - Corona                         Hexes                        1
   b - Ensorcelled Hibernation        Hexes/Ice                    2
   c - Confuse                        Hexes                        3
   d - Tukima's Dance                 Hexes                        3
   e - Dazzling Spray                 Conjuration/Hexes            3
 y - a book of Geomancy

   Spells                             Type                      Level
   a - Sandblast                      Earth                        1
   b - Passwall                       Transmutation/Earth          2
   c - Stone Arrow                    Conjuration/Earth            3
   d - Petrify                        Transmutation/Earth          4
   e - Lee's Rapid Deconstruction     Earth                        5
Comestibles
 f - a royal jelly
 k - 7 fruits


   Skills:
 - Level 2.0 Fighting
 - Level 1.1 Short Blades
 - Level 8.4 Dodging
 + Level 10.4 Stealth
 - Level 2.6 Spellcasting
 + Level 7.8 Hexes
 * Level 5.4 Earth Magic


You had 5 spell levels left.
You knew the following spells:

 Your Spells              Type           Power        Failure   Level  Hunger
a - Corona                Hex            ####...      1%          1    #......
b - Ensorcelled Hibernat  Hex/Ice        ###...       5%          2    ##.....
c - Confuse               Hex            ####....     1%          3    ###....
d - Passwall              Tmut/Erth      ##........   9%          2    ##.....


Dungeon Overview and Level Annotations

Branches:
Dungeon (6/15)
 Temple: D:4-7

Altars:
Fedhas
Kikubaaqudgha
Nemelex Xobeh
Qazlal
Ru

Shops:
D:5 }

Annotations:
D:2 exclusion: downstairs


Innate Abilities, Weirdness & Mutations

You are very small and have problems with some larger weapons.
You are too small for most types of armour.
You have supernaturally acute eyesight. (SInv)
You are a herbivore.
You cover ground extremely quickly.
You need consume almost no food.


Message History

Aim: a five-headed hydra (heavily wounded, chance to defeat MR: 15%)
The five-headed hydra resists with almost no effort.
Casting: Ensorcelled Hibernation
Confirm with . or Enter, or press ? or * to list all spells.
Aiming: Ensorcelled Hibernation
Press: ? - help, Shift-Dir - straight line, f/p - five-headed hydra
Aim: a five-headed hydra (moderately wounded, chance to defeat MR: 15%)
The five-headed hydra looks drowsy...
The helpless five-headed hydra fails to defend itself.
You impale the five-headed hydra!!
The five-headed hydra is severely wounded.
The five-headed hydra bites you.
The five-headed hydra completely misses you.
The five-headed hydra barely misses you.
The five-headed hydra completely misses you.
The five-headed hydra bites you! The five-headed hydra bites you.
* * * LOW HITPOINT WARNING * * *
The five-headed hydra closely misses you.
The five-headed hydra bites you!
You die...

#.............#.............#
#.............#.............#
#.............#.....Z....####
#.............#..........#
#.............#........D.#
#.............#..........#####
#.............##..............
#.......#.###.##..............
#.......#.# #@##..............
#########.# #D#....Z##........
#.# #.#.###D##........ #.#
#.#.# #O###....... #.# #.#.#
#.# #....... #.#
#.#.###.###.###### #.#
#.#.........#
#.###.#####.#####
#.#.........#


You could see a five-headed hydra.

Vanquished Creatures
  A hornet (D:6)
  A wyvern (D:6)
  A hungry ghost (D:6)
  2 ice beasts
  A black bear (D:6)
  3 phantoms
  An ogre (D:5)
  3 big kobolds (Sewer)
  A bullfrog (D:5)
  2 scorpions
  A howler monkey (D:6)
  3 jellies (D:4)
  A hound (D:4)
  3 orc wizards
  2 iguanas
  4 worker ants
  A hound skeleton (D:4)
  A gnoll (D:4)
  A howler monkey skeleton (D:4)
  A river rat (D:3)
  13 adders
  A shadow imp (D:6)
  9 oozes
  An adder zombie (D:5)
  3 worms (D:2)
  2 dart slugs (D:1)
  5 leopard geckos
  19 orcs
  9 bats
  13 giant cockroaches
  4 goblins
  5 hobgoblins
  10 jackals
  3 quokkas
  2 ball pythons
  5 frilled lizards
  30 kobolds
  14 rats
182 creatures vanquished.

Vanquished Creatures (others)
  9 toadstools (D:4)
9 creatures vanquished.

Grand Total: 191 creatures vanquished

Notes
Turn   | Place    | Note
-------+----------+-------------------------------------------
     0 | D:1      | grindst0ne the Spriggan Enchanter began the quest for the Orb.
     0 | D:1      | Reached XP level 1. HP: 9/9 MP: 5/5
   121 | D:1      | Reached skill level 1 in Fighting
   133 | D:1      | Reached XP level 2. HP: 13/14 MP: 4/6
   143 | D:1      | Learned a level 2 spell: Ensorcelled Hibernation
  1001 | D:1      | Reached XP level 3. HP: 11/18 MP: 1/8
  1053 | D:1      | Reached skill level 5 in Stealth
  1471 | D:2      | Reached XP level 4. HP: 23/23 MP: 6/9
  2473 | D:3      | Found a blossoming altar of Fedhas.
  2490 | D:3      | Reached XP level 5. HP: 26/26 MP: 3/10
  2781 | D:3      | Learned a level 3 spell: Confuse
  2872 | D:3      | Reached skill level 5 in Dodging
  2950 | D:3      | Found a glowing drain.
  2957 | Sewer    | Entered a sewer
  3265 | Sewer    | Reached skill level 6 in Stealth
  3265 | Sewer    | Reached skill level 5 in Hexes
  3265 | Sewer    | Reached XP level 6. HP: 15/30 MP: 4/11
  4601 | D:4      | Reached skill level 7 in Stealth
  4658 | D:4      | Reached XP level 7. HP: 35/35 MP: 12/12
  5015 | D:4      | Found a stormy altar of Qazlal.
  5016 | D:4      | Found a sacrificial altar of Ru.
  5274 | D:4      | Learned a level 2 spell: Passwall
  5535 | D:4      | Found an ancient bone altar of Kikubaaqudgha.
  5617 | D:4      | Reached skill level 8 in Stealth
  5617 | D:4      | Reached skill level 1 in Earth Magic
  5726 | D:5      | Entered Level 5 of the Dungeon
  6089 | D:5      | Found Olaqage's Quality Used Wands.
  6246 | D:5      | Reached XP level 8. HP: 32/39 MP: 1/13
  6351 | D:5      | Found a sparkling altar of Nemelex Xobeh.
  6638 | D:6      | Reached skill level 9 in Stealth
  7548 | D:5      | Reached skill level 10 in Stealth
  7807 | D:6      | Reached skill level 5 in Earth Magic
  7807 | D:6      | Reached XP level 9. HP: 42/42 MP: 14/14
  7914 | D:6      | Noticed a five-headed hydra
  8248 | D:6      | Slain by a five-headed hydra

Vault maps used:
D:1:      saegor_arrival_simple_b
D:2:      minmay_crystal_room
D:3:      overflow_temple_1_default, portal_sewer_entry_e, first_bread,
          minmay_misc_feat_diagonals
D:4:      cheibrodos_fertilizer, lemuel_round_altar, grunt_temple_overflow_open
D:5:      lemuel_coloured_pillars_altar, nicolae_for_you_no_charge
D:6:      minmay_opposing_rooms, hex_intersection
Sewer:    kennysheep_pipe_town

Skill      XL: |  1  2  3  4  5  6  7  8 |
---------------+-------------------------+-----
Fighting       | 1 2 |  2.0
Stealth        | 5 6 7 8 10 | 10.4
Hexes          | 4 5 6 7 |  7.8
Dodging        | 4 5 7 8 |  8.4
Earth Magic    | 2 5 |  5.4
Short Blades   | |  1.1
Spellcasting   | |  2.6

Action                   |  1- 3 |  4- 6 |  7- 9 || total
-------------------------+-------+-------+-------++-------
Melee: Dagger            |   148 |   194 |       ||   342
       Rapier            |       |    44 |   226 ||   270
 Cast: Corona            |     3 |       |     1 ||     4
       Ensorcelled Hiber |    20 |    74 |    63 ||   157
       Confuse           |       |       |    29 ||    29
       Passwall          |       |       |     2 ||     2
Evoke: Wand              |       |       |     3 ||     3
  Use: Scroll            |       |     6 |     2 ||     8
       Potion            |       |     1 |       ||     1
 Stab: Sleeping          |    20 |    49 |    48 ||   117
       Distracted        |       |     2 |       ||     2
       Confused          |       |       |    15 ||    15
  Eat: Bread ration      |       |     2 |     3 ||     5
Armor: Robe              |    20 |    27 |    22 ||    69
Dodge: Dodged            |   142 |   286 |   250 ||   678
